 Dungeon Crawl Stone Soup version 0.25-a0-316-gd28d56f9c5 (webtiles) character file.

Game seed: 17687236679900588401, levelgen mode: classic

2529 Borgoz the Slasher (level 9, -2/55 HPs)
             Began as a Gargoyle Berserker on Dec 24, 2019.
             Was a High Priest of Trog.
             Slain by an orc knight
             ... wielding a +0 glaive
              (17 damage)
             ... in a bailey.
             The game lasted 00:11:40 (6109 turns).

Borgoz the Slasher (Gargoyle Berserker)             Turns: 6109, Time: 00:11:40

Health: -2/55      AC: 15    Str: 21    XL:     9   Next: 54%
Magic:  9/9        EV: 13    Int:  8    God:    Trog [*****.]
Gold:   424        SH:  0    Dex: 12    Spells: 8/8 levels left

rFire    . . .     SeeInvis .   a - +2 scimitar (flame)
rCold    + . .     Gourm    .   (no shield)
rNeg     + . .     Faith    .   t - +1 scale mail (curse)
rPois    ∞         Spirit   .   (no helmet)
rElec    +         Reflect  .   (no cloak)
rCorr    .         Harm     .   (no gloves)
MR       .....                  (no boots)
Stlth    ..........             (no amulet)
HPRegen  0.18/turn              n - ring of protection from cold
MPRegen  0.11/turn              (no ring)

@: berserk cooldown, slowed, very slow
A: negative energy resistance 1, electricity resistance, unbreathing,
petrification resistance, rot immunity, AC +6
a: Berserk, Trog's Hand, Brothers in Arms, Renounce Religion


You were in a bailey.
You worshipped Trog.
Trog was extremely pleased with you.
You were very hungry.

You visited 1 branch of the dungeon, and saw 7 of its levels.
You also visited: Bailey.

You collected 468 gold pieces.
You spent 44 gold pieces at shops.

Inventory:

Hand Weapons
 a - a +2 scimitar of flaming (weapon)
 y - a +3 great sword
Armour
 t - a cursed +1 scale mail (worn)
Jewellery
 n - a ring of protection from cold (left hand)
Wands
 q - a wand of scattershot (6)
 x - a wand of random effects (13)
Scrolls
 g - a scroll of fog
 h - 2 scrolls of remove curse
 l - 4 scrolls of teleportation
 p - a scroll of enchant armour
 v - a scroll of enchant weapon
Potions
 e - 4 potions of curing
 f - a potion of brilliance
 i - a potion of magic {unknown}
 j - a potion of experience {unknown}
 k - 2 potions of invisibility
 m - a potion of resistance
 o - 5 potions of heal wounds
 r - 2 potions of cancellation
 s - 3 potions of ambrosia {unknown}
 u - 3 potions of haste
 w - a potion of flight
 z - a potion of agility
 A - a potion of lignification {unknown}
Comestibles
 b - 11 chunks of flesh
 c - 11 rations


   Skills:
 + Level 5.9 Fighting
 * Level 7.4 Long Blades
 + Level 6.0 Armour
 * Level 6.4 Dodging


You had 8 spell levels left.
You didn't know any spells.
Your spell library was empty.

Dungeon Overview and Level Annotations

Branches:
Dungeon (7/15)             Temple (0/1) D:6          Bailey (1/1)

Altars:
Ashenzari
Dithmenos
Kikubaaqudgha
Makhleb
Okawaru
Uskayaw
Yredelemnul

Shops:
D:5 ?


Innate Abilities, Weirdness & Mutations

You are resistant to torment.
Your stone body is resilient. (AC +6)
You are immune to poison.
You resist negative energy. (rN+)
You are resistant to electric shocks. (rElec)
You can survive without breathing.
You are immune to petrification.
You are immune to rotting.


Message History

You hit the orc knight. You burn the orc knight.
The orc knight is lightly wounded.
The orc knight hits you with a +0 glaive!
You barely miss the orc knight.
The orc knight is lightly wounded.
You slash the orc knight! You burn the orc knight.
The orc knight is heavily wounded.
You are no longer berserk.
You are exhausted.
You feel yourself slow down.
The orc knight hits you with a +0 glaive!
* * * LOW HITPOINT WARNING * * *
Evoke which item? (* to show all) (? for menu, Esc to quit)
Aiming: Scattershot
Press: ? - help, Shift-Dir - straight line, f - orc knight
Aim: an orc knight, wielding a +0 glaive and wearing a +0 crystal plate armour (heavily wounded)
The burst of metal fragments hits the orc knight but does no damage. x2
The orc knight is heavily wounded.
The orc knight hits you with a +0 glaive!
You die...

#.......#
#.......#
#.......#
#.......#
##..)).##
###)###
#.).#
#.o.#
#)@)#
#)))#
###)###
##..)).##
#....?..#
#.).)...#
#..).)).#
#..)))..#
#..).)..#


You could see an orc knight.

Vanquished Creatures
  2 ice beasts (D:6)
  3 orc warriors (Bailey)
  3 ogres
  2 centaurs
  4 bullfrogs (D:6)
  2 scorpions
  3 wights (D:6)
  3 crimson imps
  2 howler monkeys
  3 jellies (D:6)
  2 centaur skeletons (D:6)
  A hound (D:4)
  3 orc priests
  2 bullfrog skeletons (D:6)
  Jessica (D:3)
  2 orc wizards
  6 worker ants
  A killer bee zombie (D:5)
  A hound zombie (D:6)
  A hound skeleton (D:4)
  A howler monkey zombie (D:7)
  3 gnolls (D:3)
  13 adders
  A howler monkey skeleton (D:6)
  4 oozes
  7 worms
  4 dart slugs
  3 leopard geckos
  54 orcs
  2 ball pythons
  6 bats
  3 giant cockroaches
  2 gnoll zombies (D:6)
  7 goblins
  9 hobgoblins
  4 jackals (D:1)
  5 quokkas
  2 frilled lizards
  2 kobolds
  4 rats
183 creatures vanquished.

Notes
Turn   | Place    | Note
-------+----------+-------------------------------------------
     0 | D:1      | Borgoz the Gargoyle Berserker began the quest for the Orb.
     0 | D:1      | Reached XP level 1. HP: 14/14 MP: 1/1
    90 | D:1      | Reached XP level 2. HP: 18/19 MP: 2/2
    92 | D:1      | Reached skill level 3 in Long Blades
   509 | D:1      | Reached XP level 3. HP: 21/23 MP: 3/3
   670 | D:2      | Reached ** piety under Trog
   721 | D:2      | Reached XP level 4. HP: 7/28 MP: 4/4
  1714 | D:3      | Reached XP level 5. HP: 31/32 MP: 5/5
  1882 | D:3      | Reached skill level 4 in Long Blades
  1945 | D:3      | Found a shattered altar of Ashenzari.
  2106 | D:3      | Noticed Jessica
  2114 | D:3      | Killed Jessica
  2114 | D:3      | Reached XP level 6. HP: 37/37 MP: 6/6
  2143 | D:3      | Reached *** piety under Trog
  2653 | D:4      | Reached XP level 7. HP: 35/42 MP: 7/7
  2964 | D:4      | Reached skill level 5 in Long Blades
  3074 | D:4      | Found a shadowy altar of Dithmenos.
  3353 | D:5      | Entered Level 5 of the Dungeon
  3529 | D:5      | Found an ancient bone altar of Kikubaaqudgha.
  3623 | D:5      | Found a hide-covered altar of Uskayaw.
  3712 | D:5      | Found Wicegi's Magic Scroll Shoppe.
  3716 | D:5      | Bought a scroll of identify for 22 gold pieces
  3716 | D:5      | Bought a scroll of identify for 22 gold pieces
  3803 | D:5      | Reached XP level 8. HP: 24/48 MP: 8/8
  4093 | D:6      | Found a basalt altar of Yredelemnul.
  4181 | D:6      | Found an iron altar of Okawaru.
  4242 | D:6      | Reached skill level 5 in Dodging
  4266 | D:6      | Reached skill level 6 in Long Blades
  4457 | D:6      | Reached skill level 5 in Armour
  4485 | D:6      | Reached **** piety under Trog
  4721 | D:6      | Reached skill level 5 in Fighting
  4799 | D:6      | Found a burning altar of Makhleb.
  4830 | D:6      | Reached XP level 9. HP: 38/54 MP: 9/9
  5145 | D:6      | Found a staircase to the Ecumenical Temple.
  5368 | D:6      | Reached skill level 7 in Long Blades
  5603 | D:7      | Found a flagged portal.
  5616 | Bailey   | Entered a bailey
  6010 | Bailey   | Reached ***** piety under Trog
  6010 | Bailey   | Received a gift from Trog
  6092 | Bailey   | Noticed an orc knight
  6109 | Bailey   | Slain by an orc knight

Levels and vault maps discovered:
D:1:      lightli_molten_gateway, layout_loops_ring
D:2:      layout_loops_ring
D:3:      layout_basic, nicolae_ashenzari_panopticon, uniq_jessica
D:4:      layout_loops_cross, grunt_dithmenos_smoke, first_ration
D:5:      layout_basic, lemuel_coloured_pillars_altar, kennysheep_mini,
          serial_shops, shop
D:6:      wad_river_or_something, layout_rooms, overflow_temple_1_default,
          lemuel_zombie_altar_yredelemnul, overflow_temple_1_default,
          minmay_temple_entry_gardened_gates, corexii_corridor_pit
D:7:      layout_gridville, enter_bailey_1
Bailey:   bailey_polearm_5, bailey

Skill      XL: |  1  2  3  4  5  6  7  8  9 |
---------------+----------------------------+-----
Long Blades    | 3 4 5 6 7 |  7.4
Dodging        | 2 3 4 5 6 |  6.4
Armour         | 3 4 5 6 |  6.0
Fighting       | 4 5 |  5.9

Action                   |  1- 3 |  4- 6 |  7- 9 || total
-------------------------+-------+-------+-------++-------
Melee: Falchion          |    84 |   217 |   222 ||   523
       Long sword        |       |       |   252 ||   252
       Scimitar          |       |       |    12 ||    12
Invok: Berserk           |       |     2 |     7 ||     9
       Trog's Hand       |       |       |     2 ||     2
Evoke: Wand              |       |       |     1 ||     1
  Use: Scroll            |       |     5 |    14 ||    19
  Eat: Chunk             |       |     8 |    18 ||    26
Armor: Animal skin       |    14 |       |       ||    14
       Ring mail         |    13 |   102 |   185 ||   300
       Scale mail        |       |       |    67 ||    67
Dodge: Dodged            |    54 |   150 |   413 ||   617
       Rpst.: Falchion   |    20 |    52 |    44 ||   116
       Long sword        |       |       |    60 ||    60
       Scimitar          |       |       |     2 ||     2

Table legend:
 A = Non-vault XP
 B = Vault XP
 C = Vault XP percentage of total XP
 D = Non-vault monster count
 E = Vault monster count
 F = Vault count percentage of total count
                 A         B        C        D         E       F
            +---------+---------+-------+---------+---------+-------
      Total |    2938 |     675 |  18.7 |     138 |      45 |  24.6
            +---------+---------+-------+---------+---------+-------
        D:1 |      40 |       0 |   0.0 |      16 |       0 |   0.0
        D:2 |      91 |       0 |   0.0 |      18 |       0 |   0.0
        D:3 |     212 |      37 |  14.9 |      36 |       1 |   2.7
        D:4 |     515 |       0 |   0.0 |      19 |       0 |   0.0
        D:5 |     373 |       0 |   0.0 |      11 |       0 |   0.0
        D:6 |    1516 |     143 |   8.6 |      35 |       9 |  20.5
        D:7 |     191 |       0 |   0.0 |       3 |       0 |   0.0
     Bailey |       0 |     495 | 100.0 |       0 |      35 | 100.0
            +---------+---------+-------+---------+---------+-------
